Map: Lockdown LE

Players

JohnnyArogun - Winner!

  • Race: Terran Terran
  • League: Diamond

A.I. 1 (Easy)

  • Race: Zerg Zerg

VOD

Have the link to the VOD?

Description

Time

  • Played on: Aug. 16, 2026, 8:36 a.m.
  • Length: 8:57
Show
View Real Time Build Order
Export as new Build Order

JohnnyArogun Terran - Winner!

Build Orders: Reaper Expand 

Get SALT Encoding   

  8  0:01  SCV  
  9  0:13  SCV  
  10  0:25  SCV  
  11  0:29  Supply Depot  
  11  0:37  SCV  
  12  0:49  SCV  
  13  0:54  Barracks  
  13  1:01  Refinery  
  13  1:06  SCV  
  14  1:18  SCV  
  15  1:30  SCV  
  16  1:42  Orbital Command  
  16  1:43  Reaper  
  17  2:00  Command Center  
  17  2:08  SCV  
  18  2:17  Reaper  
  18  2:18  Supply Depot  
  18  2:22  SCV  
  20  2:34  SCV  
  21  2:42  Factory  
  21  2:46  SCV  
  22  2:59  SCV, Barracks Reactor  
  23  3:05  Command Center  
  23  3:11  SCV  
  23  3:12  Orbital Command  
  24  3:23  SCV  
  25  3:34  Barracks  
  25  3:36  SCV  
  26  3:41  SCV  
  26  3:43  Hellion x2  
  26  3:45  Barracks Tech Lab  
  26  3:48  SCV  
  32  3:53  SCV  
  32  3:55  Refinery  
  33  4:00  SCV  
  34  4:05  Hellion x2, SCV  
  34  4:06  Marine  
  34  4:08  Stimpack  
  40  4:14  SCV  
  41  4:23  Marine  
  42  4:26  Hellion x2  
  42  4:28  Starport  
  42  4:30  Barracks Reactor  
  46  4:35  SCV x2  
  46  4:37  Orbital Command  
  48  4:44  Marine  
  49  4:47  SCV x2  
  51  4:53  Supply Depot  
  51  4:59  Supply Depot, SCV x2  
  53  5:02  Engineering Bay  
  53  5:05  Engineering Bay  
  53  5:13  Marine x3  
  55  5:14  SCV x2  
  55  5:18  Factory Tech Lab  
  55  5:25  SCV  
  55  5:26  SCV x2, Refinery  
  55  5:28  Refinery  
  58  5:35  Supply Depot  
  58  5:37  SCV  
  58  5:38  SCV  
  58  5:39  Marine x3  
  58  5:40  Supply Depot  
  58  5:41  Siege Tank  
  66  5:44  Medivac  
  66  5:46  Medivac  
  66  5:47  SCV  
  66  5:49  Orbital Command  
  69  5:58  SCV  
  69  5:59  Marine  
  69  6:01  Marine x2, SCV  
  74  6:04  Supply Depot  
  74  6:12  SCV  
  74  6:13  SCV, Terran Infantry Weapons Level 1  
  74  6:14  Terran Infantry Armor Level 1  
  74  6:17  Combat Shield  
  77  6:18  SCV  
  77  6:19  Marine x2  
  77  6:20  Marauder  
  77  6:24  SCV  
  82  6:30  Supply Depot  
  82  6:40  SCV x3  
  82  6:41  Marine  
  82  6:44  Supply Depot  
  86  6:49  Marine  
  86  6:50  Marauder  
  86  6:51  Siege Tank  
  86  6:52  SCV  
  93  6:56  Barracks  
  93  7:00  Barracks  
  93  7:02  Marine  
  93  7:07  Marine, Supply Depot  
  95  7:18  SCV x3  
  95  7:20  Marine  
  95  7:21  Medivac x2  
  103  7:23  Siege Tank  
  103  7:24  Marauder  
  103  7:29  Armory, Supply Depot  
  108  7:30  SCV x2  
  108  7:31  SCV  
  108  7:35  Marine  
  112  7:37  Supply Depot  
  112  7:40  Missile Turret, Marine  
  112  7:42  SCV x2  
  112  7:43  SCV  
  116  7:45  Marauder  
  116  7:49  Barracks  
  118  7:52  Barracks Tech Lab, Barracks Reactor, Barracks, Supply Depot  
  118  7:53  Concussive Shells  
  118  7:55  Marine  
  119  8:07  Marauder  
  110  8:28  Marine x4  
  110  8:29  Marine x2  
  110  8:32  SCV x2  
  123  8:37  Marine  
  123  8:39  Command Center  
  123  8:40  Barracks Reactor  
  124  8:42  Command Center  
Show
View Real Time Build Order
Export as new Build Order

A.I. 1 (Easy) Zerg 

Build Orders: Pool First 

Get SALT Encoding   

  8  0:00  Drone  
  9  0:10  Drone  
  10  0:16  Drone  
  11  0:21  Drone  
  12  0:33  Overlord  
  12  0:51  Drone  
  12  0:55  Drone  
  14  0:59  Drone  
  14  1:04  Drone  
  16  1:09  Spawning Pool  
  15  1:12  Drone  
  15  1:16  Extractor  
  15  1:20  Drone  
  16  1:30  Overlord  
  16  1:56  Zergling x2, Queen  
  16  2:00  Roach Warren  
  18  2:02  Extractor  
  18  2:03  Drone  
  18  2:07  Zergling x2  
  19  2:10  Drone  
  20  2:27  Overlord  
  20  2:33  Drone  
  21  2:40  Drone  
  22  2:50  Drone  
  23  3:00  Drone  
  23  3:03  Roach  
  23  3:04  Drone  
  27  3:08  Drone  
  28  3:27  Ravager, Overlord, Roach  
  31  5:07  Drone, Overlord  
  31  5:08  Roach, Lair  
  31  5:12  Drone  
  33  5:16  Drone  
  33  5:20  Drone  
  33  5:24  Drone  
  33  5:28  Roach  
  36  5:48  Zergling x2  
  34  6:07  Infestation Pit  
  34  6:08  Roach, Overseer  
  34  6:09  Overseer, Hydralisk Den  
  34  6:10  Drone  
  35  6:40  Hatchery, Hydralisk  
  35  6:41  Drone  
  37  7:01  Infestor  
  39  7:53  Drone  
  39  7:57  Drone  
  41  8:02  Drone, Extractor  
  41  8:05  Extractor  
  41  8:07  Drone, Zergling x2  
  41  8:08  Overseer, Overlord  
  41  8:12  Drone  
  32  8:16  Drone  
  22  8:20  Drone  
  22  8:22  Zergling x2  
  22  8:25  Drone  
  22  8:26  Overseer  
  20  8:29  Drone  
  20  8:32  Overseer  
  20  8:33  Drone, Overlord  
  19  8:34  Overlord  
  19  8:36  Roach  
  19  8:38  Drone  
  14  8:42  Drone  
Tags
 
Add a new tag
Caveats
  • Supply blocks, unpowered buildings, or Contaminate may cause inaccurate times.
  • Supply counts are checked every 10 seconds.